Map: Arctic Flowers LE

Players

Skylark

  • Race: Terran Terran
  • Spawn Location: 1:00

EggMan

  • Race: Terran Terran
  • Spawn Location: 7:00

Mitch

  • Race: Zerg Zerg
  • Spawn Location: 7:00

Jourdy

  • Race: Terran Terran
  • Spawn Location: 1:00

VOD

Have the link to the VOD?

Description

Time

  • Played on: Jan. 3, 2026, 5:57 p.m.
  • Length: 19:07
Show
View Real Time Build Order
Export as new Build Order

Skylark Terran 

Build Orders:  

Get SALT Encoding   

  12  0:08  SCV  
  13  0:17  Supply Depot  
  13  0:22  SCV  
  14  0:34  SCV  
  15  0:45  Barracks  
  15  0:46  SCV  
  16  0:58  Refinery  
  16  1:00  SCV  
  16  1:01  Refinery  
  17  1:14  Supply Depot  
  17  1:29  SCV  
  18  1:41  Marine, SCV  
  20  1:47  Factory  
  20  1:54  Supply Depot  
  20  1:58  Marine  
  20  2:00  SCV  
  22  2:12  SCV  
  23  2:16  Marine  
  24  2:32  Factory Tech Lab  
  24  2:34  Marine  
  25  2:44  Bunker  
  25  2:49  SCV  
  26  2:54  Marine  
  27  2:59  Siege Tank  
  27  3:01  SCV  
  31  3:12  Marine  
  32  3:13  SCV  
  33  3:26  Orbital Command  
  33  3:40  Command Center  
  33  3:58  SCV  
  34  4:08  Starport  
  34  4:12  Starport  
  34  4:21  Marine  
  35  4:39  Marine  
  36  4:49  Fusion Core  
  36  4:50  Starport Tech Lab  
  36  4:51  Starport Tech Lab  
  36  4:57  Marine, Siege Tank  
  40  5:12  SCV  
  41  5:15  Marine  
  42  5:24  SCV  
  43  5:33  SCV  
  44  5:37  SCV  
  44  5:41  Battlecruiser  
  51  5:51  Supply Depot  
  51  6:03  Refinery  
  51  6:06  SCV, Refinery  
  52  6:13  Battlecruiser  
  52  6:14  Supply Depot  
  52  6:17  Weapon Refit  
  52  6:18  SCV  
  59  6:30  SCV  
  60  6:37  Supply Depot  
  60  6:42  SCV  
  67  6:54  Battlecruiser, SCV  
  68  7:06  SCV  
  69  7:18  SCV  
  70  7:30  SCV  
  71  7:42  SCV  
  60  8:22  Battlecruiser  
  60  8:24  Battlecruiser  
  72  8:48  Armory  
  72  8:53  SCV  
  73  9:05  SCV  
  74  9:17  SCV  
  75  9:29  SCV  
  76  9:37  Armory  
  76  9:41  SCV  
  77  9:46  Supply Depot  
  77  9:53  SCV  
  78  10:01  Terran Vehicle Weapons Level 1  
  78  10:07  SCV  
  78  10:08  Battlecruiser  
  78  10:09  Supply Depot  
  85  10:20  SCV  
  86  10:31  Battlecruiser  
  86  10:32  SCV, Supply Depot  
  75  11:17  Terran Ship Weapons Level 1  
  75  11:35  Battlecruiser  
  66  12:21  Command Center  
  62  12:31  Command Center  
  45  12:39  Battlecruiser  
  45  12:59  Barracks  
  45  13:03  Barracks  
  45  13:05  Barracks  
  33  13:48  Engineering Bay  
  24  14:38  Marine  
  24  14:40  Marine  
  24  14:42  Marine  
  25  14:56  Marine  
  25  14:58  Marine  
  27  15:00  Marine  
  28  15:13  Marine  
  29  15:16  Marine  
  29  15:18  Marine  
  18  15:31  Marine  
  18  15:34  Marine  
  20  15:36  Marine  
  20  15:49  Marine  
  21  15:51  Marine  
  21  15:54  Marine  
  23  16:07  Marine  
  25  16:11  Marine  
  25  16:14  SCV  
  12  16:30  Command Center  
Show
View Real Time Build Order
Export as new Build Order

EggMan Terran 

Build Orders:  

Get SALT Encoding   

  12  0:00  SCV  
  13  0:13  SCV  
  14  0:17  Supply Depot  
  14  0:25  SCV  
  15  0:31  Supply Depot  
  15  0:45  Barracks  
  15  0:47  SCV  
  16  0:58  Refinery  
  16  1:02  Supply Depot  
  16  1:05  SCV  
  17  1:17  SCV  
  18  1:29  SCV  
  18  1:31  Refinery  
  19  1:41  SCV  
  20  1:49  Supply Depot  
  20  1:51  Barracks Reactor  
  20  1:59  SCV  
  21  2:11  Factory, SCV  
  22  2:31  Marine  
  22  2:32  Marine  
  22  2:36  Barracks  
  24  2:39  SCV  
  25  2:49  Marine x2  
  27  2:51  SCV  
  27  2:57  Factory Tech Lab  
  28  3:03  SCV  
  29  3:07  Marine x2  
  29  3:10  Starport  
  31  3:25  Marine x2  
  33  3:27  Barracks Reactor  
  33  3:35  Siege Tank  
  37  3:48  Starport  
  36  3:56  Command Center  
  36  4:01  SCV  
  37  4:16  Siege Tank  
  40  4:31  Viking x2  
  44  4:56  Barracks Tech Lab  
  44  5:10  Barracks Reactor  
  44  5:15  SCV x2  
  44  5:17  Viking x2  
  44  5:18  Viking  
  52  5:27  SCV x2  
  54  5:38  Siege Tank  
  54  5:39  SCV x2  
  59  5:51  SCV  
  59  5:54  SCV  
  61  6:03  SCV  
  62  6:06  Refinery  
  62  6:32  Refinery  
  62  6:38  Supply Depot  
  62  6:44  Supply Depot  
  62  6:47  Supply Depot  
  62  7:00  Siege Tank, SCV x2  
  67  7:01  Supply Depot  
  67  7:10  Command Center, Supply Depot  
  67  7:12  SCV x2  
  69  7:15  Viking  
  69  7:16  Viking  
  73  7:24  SCV x2, Supply Depot  
  75  7:47  Supply Depot  
  75  7:48  Viking x4  
  83  8:10  Supply Depot  
  83  8:18  Viking  
  85  8:32  Supply Depot  
  85  8:35  Viking x3  
  85  8:38  Marine x2  
  85  8:39  Marine  
  94  8:46  Combat Shield  
  94  8:47  Viking  
  96  8:56  Marine x3  
  96  8:58  SCV x2  
  101  9:05  Viking x3  
  101  9:06  SCV  
  108  9:10  SCV x2  
  108  9:15  Refinery  
  110  9:18  Viking, SCV  
  110  9:22  SCV  
  114  9:27  Marine  
  114  9:28  Marine x2  
  114  9:31  SCV  
  118  9:35  Viking x2  
  122  9:41  Refinery  
  122  9:45  Marine x2  
  124  9:53  Supply Depot x2  
  124  9:55  Supply Depot x2  
  124  9:56  Supply Depot  
  124  10:05  Marine x3, Stimpack  
  127  10:08  Viking  
  127  10:11  Siege Tank  
  132  10:23  Marine x3  
  135  10:40  Marine  
  101  11:39  Viking x4  
  109  11:41  Marine  
  109  11:42  Marine  
  109  11:45  Concussive Shells  
  84  12:09  Viking x4  
  86  12:38  Viking  
  86  12:39  Viking x3  
  94  12:50  Marine  
  94  12:51  Marine x2  
  97  13:08  Marine, Viking  
  97  13:09  Marine x2, Viking x3  
  104  13:26  Marine  
  104  13:27  Marine x2  
  107  13:38  Viking  
  107  13:39  Viking x3  
  112  13:44  Marine x3  
  102  14:02  Marine  
  98  14:08  Viking  
  98  14:09  Viking x3  
  98  14:50  Viking x4  
  102  15:20  Viking x4  
  107  15:50  Viking x3  
Show
View Real Time Build Order
Export as new Build Order

Mitch Zerg 

Build Orders: Hatch First 

Get SALT Encoding   

  12  0:00  Drone  
  13  0:12  Overlord  
  13  0:16  Drone  
  14  0:31  Drone x2  
  14  0:35  Drone  
  17  0:47  Drone  
  18  0:57  Drone  
  18  0:58  Hatchery  
  18  1:04  Extractor  
  18  1:07  Drone  
  18  1:17  Spawning Pool  
  18  1:18  Drone  
  18  1:28  Drone  
  19  1:39  Drone  
  20  1:50  Drone  
  21  2:02  Overlord  
  21  2:09  Queen  
  21  2:13  Drone x2  
  25  2:21  Queen  
  25  2:22  Hatchery  
  26  2:36  Drone  
  26  2:37  Drone x3  
  30  2:50  Overlord x2  
  30  3:09  Spore Crawler  
  29  3:13  Spine Crawler  
  29  3:15  Spine Crawler  
  27  3:20  Lair  
  27  3:25  Spore Crawler  
  26  3:27  Spine Crawler  
  26  3:28  Spine Crawler  
  26  3:31  Zergling x8  
  28  3:36  Drone x2  
  28  3:37  Drone  
  31  3:42  Drone  
  31  3:44  Drone  
  31  3:46  Drone  
  34  3:56  Queen  
  34  3:58  Drone  
  34  4:00  Drone  
  34  4:02  Drone  
  39  4:05  Drone  
  39  4:07  Drone  
  39  4:09  Drone  
  42  4:12  Drone  
  42  4:14  Drone  
  44  4:27  Drone x5  
  44  4:28  Drone  
  50  4:38  Overlord  
  49  4:56  Queen  
  49  4:58  Drone  
  49  4:59  Drone x5  
  57  5:00  Overlord x3  
  57  5:05  Extractor  
  57  5:06  Extractor  
  55  5:11  Drone x2  
  57  5:23  Extractor  
  56  5:31  Extractor  
  56  5:34  Drone x3, Roach Warren  
  57  5:37  Hatchery  
  57  5:38  Drone x3  
  57  5:41  Drone  
  57  5:42  Drone  
  61  5:44  Drone  
  62  5:50  Extractor  
  62  5:52  Drone x2  
  62  5:54  Drone  
  64  6:02  Spire  
  63  6:08  Queen  
  65  6:26  Extractor, Hatchery  
  65  6:30  Extractor  
  62  6:34  Drone x2  
  62  6:37  Extractor  
  63  6:45  Drone  
  63  6:46  Drone x12  
  76  6:47  Extractor  
  76  6:53  Queen  
  77  6:55  Queen  
  77  6:56  Queen x2  
  77  7:01  Overlord x3  
  83  7:28  Evolution Chamber x2, Zerg Flyer Armor Level 1  
  83  7:29  Queen, Spire  
  82  7:30  Corruptor  
  82  7:31  Corruptor x3, Queen, Evolution Chamber  
  82  7:32  Queen  
  93  7:40  Corruptor  
  93  7:41  Corruptor x2  
  99  7:48  Corruptor x3  
  104  8:12  Roach x5  
  110  8:23  Zergling x2  
  110  8:24  Zergling x2  
  110  8:26  Overlord  
  110  8:27  Overlord x7  
  112  8:46  Zergling x2  
  112  8:47  Zergling x12  
  119  9:12  Roach x4  
  119  9:13  Roach x12  
  151  9:19  Zerg Missile Weapons Level 1, Zerg Melee Weapons Level 1, Zerg Ground Armor Level 1  
  151  9:22  Zerg Flyer Weapons Level 1  
  151  9:32  Zerg Flyer Armor Level 2, Infestation Pit  
  151  9:34  Hydralisk Den  
  151  9:36  Roach x7  
  163  9:39  Overlord  
  163  9:40  Overlord x3  
  163  9:42  Zergling x2  
  164  9:52  Corruptor  
  164  9:53  Corruptor  
  168  10:07  Metabolic Boost  
  168  10:10  Glial Reconstitution  
  168  10:17  Roach  
  168  10:18  Roach x5  
  165  11:12  Ravager x8  
  165  11:13  Ravager  
  174  11:19  Drone  
  174  11:20  Drone x11  
  184  11:40  Ravager x4  
  130  12:04  Roach  
  130  12:05  Roach x11  
  133  12:23  Corruptor x4  
  137  12:36  Drone  
  139  12:37  Drone x3  
  141  12:50  Zerg Missile Weapons Level 2, Zerg Melee Weapons Level 2, Zerg Ground Armor Level 2  
  141  12:58  Hive  
  141  13:16  Extractor  
  140  13:20  Hatchery  
  140  13:21  Hydralisk x10  
  140  13:24  Extractor  
  158  13:31  Zerg Flyer Weapons Level 2  
  158  13:58  Roach x13  
  158  13:59  Roach x3  
  190  14:08  Ravager x4  
  177  14:28  Zergling x2  
  177  14:29  Zergling x28  
  177  14:30  Zergling x4  
  185  15:12  Ravager  
  185  15:13  Ravager x14  
  200  15:49  Hatchery  
  199  15:56  Drone  
  200  16:00  Hatchery  
  199  16:25  Adrenal Glands  
  198  16:26  Zerg Missile Weapons Level 3, Zerg Melee Weapons Level 3  
  198  16:27  Zerg Ground Armor Level 3  
  198  16:28  Zerg Flyer Weapons Level 3  
  198  16:29  Neural Parasite  
Show
View Real Time Build Order
Export as new Build Order

Jourdy Terran 

Build Orders:  

Get SALT Encoding   

  12  0:00  SCV  
  13  0:14  SCV  
  14  0:28  SCV  
  15  0:31  Supply Depot  
  15  0:34  Supply Depot  
  15  0:53  SCV  
  15  0:55  Barracks  
  16  1:04  Supply Depot  
  16  1:05  SCV  
  17  1:29  Refinery  
  17  1:30  SCV  
  18  1:34  Engineering Bay  
  18  1:42  SCV  
  18  1:44  Marine  
  18  1:45  Supply Depot  
  20  1:54  SCV  
  21  2:01  Marine  
  21  2:06  SCV  
  23  2:08  Refinery  
  23  2:16  Supply Depot  
  23  2:19  Marine  
  24  2:25  SCV  
  25  2:40  Command Center  
  25  3:04  Missile Turret  
  25  3:12  Missile Turret  
  25  3:13  SCV  
  25  3:14  Terran Infantry Weapons Level 1  
  26  3:22  Factory  
  26  3:25  SCV  
  27  3:53  Barracks  
  27  3:58  SCV  
  28  4:04  Marine  
  28  4:05  Refinery  
  29  4:10  SCV  
  29  4:14  Orbital Command  
  30  4:18  Factory Tech Lab  
  30  4:22  Marine, SCV  
  32  4:34  SCV  
  33  4:40  Siege Tank, Marine  
  37  4:46  SCV  
  34  4:58  Marine  
  35  5:03  Barracks Tech Lab  
  35  5:06  Supply Depot  
  35  5:08  Terran Infantry Armor Level 1  
  35  5:12  Widow Mine  
  37  5:16  Reaper  
  38  5:32  Bunker  
  38  5:33  Widow Mine  
  38  5:34  SCV  
  41  5:46  SCV  
  42  5:55  Armory  
  42  5:56  Combat Shield  
  42  5:59  Marauder  
  44  6:20  Marine  
  45  6:27  Marine  
  46  6:38  Marine  
  46  6:39  SCV  
  48  6:45  Marine  
  49  6:48  SCV  
  49  6:49  Supply Depot  
  50  6:54  SCV  
  50  6:56  Marine  
  50  6:58  Terran Vehicle And Ship Armor Level 1  
  50  6:59  Drilling Claws  
  50  7:00  SCV  
  53  7:02  Marine, Hi-Sec Auto Tracking  
  53  7:06  SCV  
  55  7:12  SCV  
  55  7:13  Marine  
  57  7:18  Widow Mine  
  57  7:20  Reaper  
  60  7:25  SCV  
  61  7:32  Marauder  
  61  7:37  SCV  
  64  7:40  Widow Mine  
  66  7:51  Refinery  
  66  7:52  Marine  
  66  7:53  Marine  
  68  7:59  Terran Infantry Weapons Level 2  
  68  8:01  Widow Mine  
  70  8:08  Starport  
  70  8:10  Marine x2  
  72  8:15  Supply Depot  
  72  8:22  Widow Mine  
  74  8:28  Marine  
  75  8:44  Cyclone  
  78  8:48  Starport Tech Lab  
  78  8:54  Missile Turret  
  78  8:58  Marine  
  79  9:16  Marine  
  80  9:31  Factory  
  80  9:33  Smart Servos  
  80  9:34  Marine  
  81  9:39  Banshee  
  84  9:47  Terran Vehicle Weapons Level 1  
  84  9:52  Marine  
  85  9:55  SCV  
  86  10:07  SCV  
  86  10:10  Marine  
  90  10:32  Factory Tech Lab  
  93  10:35  Cyclone  
  93  10:42  Missile Turret  
  93  10:54  Supply Depot  
  87  11:07  Cyclone  
  71  11:29  Missile Turret  
  71  11:39  Marine  
  63  11:40  Cyclone  
  51  11:57  Marine  
  40  12:14  Marine  
  37  12:22  SCV  
  35  12:32  Marine  
  35  12:33  Factory Tech Lab  
  35  12:34  SCV  
  37  12:43  Engineering Bay  
  37  12:46  SCV  
  37  12:50  Marine  
  39  12:58  SCV  
  41  13:14  Command Center  
  40  13:21  Planetary Fortress  
  39  13:29  Missile Turret  
  16  14:34  Missile Turret  
  16  14:38  SCV  
  15  14:50  SCV  
  16  14:57  Barracks  
  17  15:09  Planetary Fortress  
  16  15:15  Neosteel Armor  
  15  15:51  Barracks Reactor  
  15  16:11  Command Center  
  15  16:22  SCV  
  16  16:30  Factory  
  16  16:34  SCV  
  17  16:46  SCV  
  18  16:59  SCV  
  13  18:20  Command Center  
Tags
 
Add a new tag
Caveats
  • Supply blocks, unpowered buildings, or Contaminate may cause inaccurate times.
  • Supply counts are checked every 10 seconds.